 Dungeon Crawl Stone Soup version 0.29-a0-303-ge4682ce883 (webtiles) character file.

Game seed: 101850576245407326

2048 jmlagarto the Skirmisher (level 9, -3/79 HPs)
             Began as a Minotaur Abyssal Knight on Mar 25, 2022.
             Was a High Priest of Lugonu.
             Slain by a gnoll
             ... wielding a +0 halberd
              (9 damage)
             ... on level 7 of the Dungeon.
             The game lasted 00:09:27 (5561 turns).

jmlagarto the Skirmisher (Minotaur Abyssal Knight)  Turns: 5561, Time: 00:09:27

Health: -3/79      AC: 15    Str: 21    XL:     9   Next: 4%
Magic:  12/12      EV: 10    Int:  7    God:    Lugonu [*****.]
Gold:   363        SH:  0    Dex: 12    Spells: 8/8 levels left

rFire   . . .      SeeInvis .   w - +0 war axe (elec)
rCold   . . .      Faith    .   (no shield)
rNeg    . . .      Spirit   .   d - +0 chain mail
rPois   .          Reflect  .   s - +2 hat
rElec   .          Harm     .   (no cloak)
rCorr   .          Rampage  .   m - +2 pair of gloves
Will    .....                   (no boots)
Stlth   ..........              (no amulet)
HPRegen 0.23/turn               u - +4 ring of slaying
MPRegen 0.13/turn               o - +4 ring of slaying

@: no status effects
A: horns 2, retaliatory headbutt
a: Renounce Religion, Depart the Abyss, Bend Space, Banish, Corrupt, Enter the
Abyss


You were on level 7 of the Dungeon.
You worshipped Lugonu.
Lugonu was extremely pleased with you.
You visited 1 branch of the dungeon, and saw 7 of its levels.
You visited the Abyss 1 time.

You collected 363 gold pieces.

Inventory:

Hand Weapons
 a - a +1 hand axe
 w - a +0 war axe of electrocution (weapon)
 z - a +4 trident of freezing
Missiles
 e - 15 poisoned darts
 h - a throwing net
Armour
 b - a +0 leather armour
 d - a +0 chain mail (worn)
 m - a +2 pair of gloves (worn)
 s - a +2 hat (worn)
Jewellery
 k - a ring of protection from cold
 n - a ring of protection from cold
 o - a +4 ring of slaying (right hand)
 p - a ring of willpower
 u - a +4 ring of slaying (left hand)
 y - a ring of protection from cold
Wands
 f - a wand of iceblast (9)
Scrolls
 c - a scroll of vulnerability
 g - a scroll of fog
 i - a scroll of magic mapping
 j - 3 scrolls of blinking
 l - a scroll of enchant weapon
 r - a scroll of teleportation
 x - a scroll of identify
Potions
 q - a potion of degeneration {unknown}
 t - 3 potions of attraction {unknown}
 v - 5 potions of curing {unknown}


   Skills:
 + Level 7.3 Fighting
 + Level 6.7 Axes
 + Level 6.7 Armour
 + Level 5.7 Dodging
 + Level 5.4 Invocations
 + Level 1.0 Evocations


You had 8 spell levels left.
You didn't know any spells.
Your spell library contained the following spells:

 Spells                   Type           Power      Damage    Failure   Level
 Beastly Appendage        Tmut           0%         N/A       98%         1
 Foxfire                  Conj/Fire      0%         2x1d4     98%         1
 Magic Dart               Conj           0%         1d3       98%         1
 Corpse Rot               Necr/Air       0%         N/A       99%         2
 Poisonous Vapours        Pois/Air       0%         N/A       99%         2
 Searing Ray              Conj           0%         2d4       99%         2
 Wereblood                Tmut           0%         N/A       99%         2
 Conjure Flame            Conj/Fire      0%         6-21      100%        3
 Gell's Gravitas          Tloc           0%         N/A       100%        3
 Ignite Poison            Fire/Tmut/Pois 0%         N/A       100%        3
 Inner Flame              Hex/Fire       0%         N/A       100%        3
 Lesser Beckoning         Tloc           0%         N/A       100%        3
 Mephitic Cloud           Conj/Pois/Air  0%         N/A       100%        3
 Spider Form              Tmut/Pois      0%         N/A       100%        3
 Teleport Other           Tloc           0%         N/A       100%        3
 Flame Wave               Conj/Fire      0%         2d4       100%        4
 Fulminant Prism          Conj/Hex       0%         3d6       100%        4
 Freezing Cloud           Conj/Ice/Air   0%         6-21      100%        5


Dungeon Overview and Level Annotations

Branches:
Dungeon (7/15)             Temple (0/1) D:6

Altars:
Elyvilon
Hepliaklqana
Nemelex Xobeh
Qazlal
Uskayaw
The Shining One

Shops:
D:2 :   D:6 ==


Innate Abilities, Weirdness & Mutations

You have a pair of horns on your head.
You reflexively headbutt those who attack you in melee.


Message History

You headbutt the scorpion.
You kill the scorpion!
Lugonu accepts your kill. The gnoll closely misses you.
The gnoll hits you from afar with a +0 halberd!
You have reached level 9!
Your experience leads to an increase in your attributes!
Increase (S)trength, (I)ntelligence, or (D)exterity?
You feel stronger. x2
You hit the gnoll. Lightning courses through the gnoll!
You kill the gnoll!
Lugonu accepts your kill.
The gnoll hits you from afar with a +0 halberd!
The gnoll closely misses you.
You barely miss the gnoll shaman. You headbutt the gnoll shaman!
The gnoll shaman is severely wounded.
The gnoll shaman hits you with a +0 whip.
The gnoll hits you from afar with a +0 halberd!
* * * LOW HITPOINT WARNING * * *
You barely miss the gnoll shaman. You headbutt the gnoll shaman.
You kill the gnoll shaman!
Lugonu accepts your kill.
You can now gate yourself to the Abyss.
The gnoll hits you but does no damage. The gnoll misses you. x2
Your Evocations skill increases to level 1!
A kobold comes into view. It is wielding a +0 dagger.
The kobold shouts!
The gnoll hits you with a +0 halberd.
* * * LOW HITPOINT WARNING * * *
A kobold comes into view. It is wielding a +0 whip.
The gnoll hits you with a +0 halberd!
* * * LOW HITPOINT WARNING * * *
The gnoll hits you but does no damage.
A kobold brigand comes into view.
It is wielding a +0 short sword and quivering curare-tipped darts.
The gnoll hits you but does no damage.
Items here: )))) [[ †.
The gnoll attacks as you move away! The gnoll hits you with a +0 halberd.
* * * LOW HITPOINT WARNING * * *
The gnoll closely misses you.
The gnoll hits you from afar with a +0 halberd!
You die...

... .# #. .. . .
.... ..g .# KK #
P..# #. #. ... #.PP
PP.##..# #. K.
##.PcPPP.#.##.#g#.#
#..PPPP.......gg..#
##........#.# #)#
......#.†##)###@#
.......[......<.#
#####...##.#####
#.####.# #.# #.#
#.# #.# #.# #.# #.#
..# #.# ###


You could see 3 gnolls.

Vanquished Creatures
  A steam dragon (D:6)
  A water moccasin (D:5)
  2 ice beasts
  A black bear (D:2)
  An ogre (D:5)
  2 centaurs
  2 phantoms
  2 scorpions
  A bullfrog (D:7)
  4 wights (D:7)
  A vampire bat (D:5)
  A howler monkey (D:4)
  A jelly (D:6)
  7 hounds
  4 iguanas
  2 gnoll shamans (D:7)
  Natasha (thrice) (D:2)
  6 adders
  6 gnolls (D:7)
  An ufetubus (D:4)
  A worm (D:5)
  2 dart slugs (D:2)
  9 orcs
  6 endoplasms
  3 giant cockroaches
  8 goblins
  7 hobgoblins
  8 jackals
  10 kobolds
  7 ball pythons
  17 bats
  4 frilled lizards (D:1)
  5 rats
136 creatures vanquished.

Vanquished Creatures (others)
  2 fungi (D:3)
2 creatures vanquished.

Grand Total: 138 creatures vanquished

Notes
Turn   | Place    | Note
-------+----------+-------------------------------------------
     0 | Abyss:1  | jmlagarto the Minotaur Abyssal Knight began the quest for
                  | the Orb.
     0 | Abyss:1  | Reached XP level 1. HP: 19/19 MP: 1/1
    64 | Abyss:1  | Noticed a worldbinder
    65 | D:1      | Escaped the Abyss
   188 | D:1      | Reached XP level 2. HP: 27/27 MP: 2/2
   597 | D:1      | Found a faded altar of an unknown god.
   794 | D:2      | Noticed a black bear
   836 | D:1      | Reached skill level 4 in Fighting
   836 | D:1      | Reached XP level 3. HP: 24/33 MP: 3/3
  1008 | D:2      | Killed a black bear
  1009 | D:2      | Reached XP level 4. HP: 30/41 MP: 3/5
  1009 | D:2      | Reached XP level 5. HP: 34/47 MP: 3/6
  1163 | D:2      | Found Petic's Book Shoppe.
  1232 | D:2      | Noticed Natasha
  1244 | D:2      | Killed Natasha
  1404 | D:2      | Noticed Natasha
  1421 | D:2      | Killed Natasha
  1430 | D:2      | Noticed Natasha
  1442 | D:2      | Killed Natasha
  1856 | D:3      | Reached *** piety under Lugonu
  1952 | D:3      | Reached XP level 6. HP: 54/55 MP: 7/7
  2088 | D:3      | Found a white marble altar of Elyvilon.
  2290 | D:3      | Reached skill level 5 in Fighting
  2899 | D:4      | Noticed an ice beast
  2912 | D:4      | Killed an ice beast
  2913 | D:4      | Reached XP level 7. HP: 61/61 MP: 8/8
  2978 | D:4      | Reached **** piety under Lugonu
  3110 | D:4      | Found a hazy altar of Hepliaklqana.
  3265 | D:5      | Entered Level 5 of the Dungeon
  3333 | D:5      | Found a glowing golden altar of the Shining One.
  3333 | D:5      | Found a sparkling altar of Nemelex Xobeh.
  3440 | D:5      | Reached skill level 5 in Axes
  3440 | D:5      | Reached skill level 5 in Armour
  3820 | D:5      | Found a stormy altar of Qazlal.
  3828 | D:5      | Noticed a water elemental
  3829 | D:5      | Noticed an air elemental
  3829 | D:5      | Noticed a fire elemental
  3969 | D:5      | Reached skill level 6 in Fighting
  4062 | D:5      | Found a hide-covered altar of Uskayaw.
  4230 | D:5      | Reached XP level 8. HP: 70/70 MP: 10/10
  4560 | D:6      | Found Vanoleus's Jewellery Boutique.
  4771 | D:6      | Found Piar's Jewellery Shoppe.
  4829 | D:6      | Reached skill level 5 in Dodging
  5188 | D:6      | Reached skill level 5 in Invocations
  5209 | D:6      | Found a staircase to the Ecumenical Temple.
  5459 | D:7      | Reached skill level 7 in Fighting
  5557 | D:7      | Reached XP level 9. HP: 43/79 MP: 12/12
  5559 | D:7      | Reached ***** piety under Lugonu
  5560 | D:7      | Reached skill level 1 in Evocations
  5561 | D:7      | Slain by a gnoll

Illustrated notes

Levels and vault maps discovered:
D:1:      ebering_hopf_link, layout_basic,
          shapermc_ecumenical_altar_mp_highgroup, due_unseen_surprise
D:2:      layout_rooms, serial_shops, shop, uniq_natasha
D:3:      kb_forest_paths, layout_loops_cross, elyvilon_altar_1
D:4:      layout_rooms, mainiacjoe_overflow_24_doors
D:5:      layout_gridville, mainiacjoe_overflow_alcove_4,
          nicolae_qazlal_style_of_elements, gammafunk_temple_overflow_wave,
          roderic_batcave
D:6:      layout_basic, temple_statues, serial_shops,
          nicolae_shop_advertising_works [nicolae_subvault_shop_adworks],
          nicolae_inconvenience_store, minmay_crystal_water,
          minmay_misc_feat_more_columns
D:7:      layout_loops_ring, grunt_temple_overflow_order_and_chaos_2,
          fedhas_bush_and_centaur_altar, nicolae_vehumet_altar_sigil,
          chequers_serial_rivers_small_a

Skill      XL: |  1  2  3  4  5  6  7  8  9 |
---------------+----------------------------+-----
Invocations    | 2 3 4 5 |  5.4
Fighting       | 4 5 6 7 |  7.3
Axes           | 3 4 5 6 |  6.7
Armour         | 3 4 5 6 |  6.7
Dodging        | 2 3 4 5 |  5.7
Evocations     | 1 |  1.0

Action                   |  1- 3 |  4- 6 |  7- 9 || total
-------------------------+-------+-------+-------++-------
Melee: Hand axe          |    61 |   181 |   121 ||   363
       Headbutt          |    10 |    29 |    32 ||    71
       Punch             |       |     1 |     2 ||     3
       War axe           |       |       |    52 ||    52
Invok: Depart the Abyss  |     1 |       |       ||     1
Evoke: Wand              |       |       |     1 ||     1
  Use: Scroll            |       |       |     6 ||     6
Armor: Leather armour    |     9 |       |       ||     9
       Chain mail        |    33 |   111 |   153 ||   297
Dodge: Dodged            |    28 |    60 |    96 ||   184

Table legend: (Time is in decaauts)
 A = Elapsed time spent in this place.
 B = Non-inter-level travel time spent in this place.
 C = Inter-level travel time spent in this place.
 D = Time resting spent in this place.
 E = Time spent auto-exploring this place.
 F = Levels seen in this place.
 G = Mean time per level.
                   A        B        C        D        E       F      G
               +--------+--------+--------+--------+--------+-----+--------+
         Total |   5604 |   5304 |    300 |    447 |   3920 |   8 |  700.5 |
       Dungeon |   5539 |   5239 |    300 |    447 |   3857 |   7 |  791.3 |
         Abyss |     65 |     65 |      0 |      0 |     63 |   1 |   65.0 |
               +--------+--------+--------+--------+--------+-----+--------+

Top non-repeatable levels by time:
     D:5: 1269 daAuts
     D:1: 924 daAuts
     D:6: 920 daAuts
     D:2: 864 daAuts
     D:3: 862 daAuts
     D:4: 582 daAuts
     D:7: 115 daAuts
 Abyss:1: 65 daAuts
